 Dungeon Crawl Stone Soup version 0.29-a0-384-g6960b1960d (webtiles) character file.

Game seed: 9959816024561086374

178178 dolemite99 the Tortoise (level 17, -13/154 HPs)
             Began as a Minotaur Gladiator on May 8, 2022.
             Was a Priest of Okawaru.
             Mangled by a naga
             ... wielding a +0 halberd
              (35 damage)
             ... on level 4 of the Snake Pit.
             The game lasted 00:56:23 (41813 turns).

dolemite99 the Tortoise (Minotaur Gladiator)       Turns: 41813, Time: 00:56:24

Health: -13/154    AC: 29    Str: 25    XL:     17   Next: 56%
Magic:  0/25       EV: 17    Int:  8    God:    Okawaru [***...]
Gold:   352        SH:  0    Dex: 18    Spells: 16/16 levels left

rFire   + . .      SeeInvis +   a - +2 lajatang (vamp)
rCold   + . .      Faith    .   (shield currently unavailable)
rNeg    + . .      Spirit   +   d - +1 plate armour of Grace {rPois rF+ SInv}
rPois   +          Reflect  .   c - +2 hat
rElec   .          Harm     .   O - +0 cloak
rCorr   .          Rampage  .   j - +2 pair of gloves of Indecent Exposure {rN+, GIFT}
Will    ++...                   (no boots)
Stlth   ..........              o - amulet of guardian spirit
HPRegen 0.35/turn               x - ring of willpower
MPRegen 0.19/turn               y - ring of Zosa {rC+ Int+3 Dex+4 SInv, =R}

@: mighty, lethally poisoned (-13 -> -34), heroic, studying Staves, invisible
A: horns 2, retaliatory headbutt
a: Renounce Religion, Heroism


You were on level 4 of the Snake Pit.
You worshipped Okawaru.
Okawaru was most pleased with you.
You visited 5 branches of the dungeon, and saw 28 of its levels.
You also visited: Ice Cave.

You collected 2534 gold pieces.
You spent 2182 gold pieces at shops.

Inventory:

Hand Weapons
 a - a +2 vampiric lajatang (weapon)
 b - a +1 spectral lajatang
 e - a +0 lajatang of speed
 r - the +6 mace of Isur {venom, rC+ Will+ Int-3 Dex+4}
   (You found it on level 3 of the Lair of Beasts)

   It poisons the flesh of those it strikes.
   Int:       It affects your intelligence (-3).
   Dex:       It affects your dexterity (+4).
   rC:        It protects you from cold.
   Will:      It increases your willpower.
 J - a +4 quarterstaff of speed
Missiles
 n - 5 javelins (quivered)
 D - 34 atropa-tipped darts
 N - 9 curare-tipped darts
 P - 21 datura-tipped darts
 R - 3 throwing nets
 W - 22 silver javelins
Armour
 c - a +2 hat (worn)
 d - the +1 plate armour of Grace (worn) {rPois rF+ SInv}
   (You bought it in a shop on level 1 of the Orcish Mines)

   rF:        It protects you from fire.
   rPois:     It protects you from poison.
   SInv:      It lets you see invisible.
 j - the +2 pair of gloves of Indecent Exposure (worn) {rN+, GIFT}
   (Okawaru gifted it to you in an ice cave)

   rN:        It protects you from negative energy.
 u - the +9 plate armour of Crawling {rElec}
   (You acquired it on level 5 of the Dungeon)

   rElec:     It insulates you from electricity.
 O - a +0 cloak (worn)
Magical Staves
 C - a staff of air
Jewellery
 f - a ring of resist corrosion
 g - a +6 ring of dexterity
 l - a ring of protection from cold
 o - an amulet of guardian spirit (around neck)
 p - a ring of protection from fire
 q - a +4 ring of slaying
 s - a ring of see invisible
 x - a ring of willpower (left hand)
 y - the ring of Zosa (right hand) {rC+ Int+3 Dex+4 SInv, =R}
   (You acquired it on level 5 of the Dungeon)

   [ring of protection from cold]

   Int:       It affects your intelligence (+3).
   Dex:       It affects your dexterity (+4).
   rC:        It protects you from cold.
   SInv:      It lets you see invisible.
 z - the ring "Beunurr" {Str+6 Dex+3}
   (You found it on level 6 of the Lair of Beasts)

   [ring of strength]

   Str:       It affects your strength (+6).
   Dex:       It affects your dexterity (+3).
Wands
 m - a wand of polymorph (10)
 K - a wand of digging (8)
Scrolls
 k - 5 scrolls of vulnerability
 v - a scroll of poison
 M - a scroll of brand weapon
 Q - 4 scrolls of identify {@r1}
 T - a scroll of silence
 U - 2 scrolls of fog
 V - 3 scrolls of teleportation
 Y - 2 scrolls of magic mapping
Potions
 h - a potion of invisibility
 i - 4 potions of cancellation
 t - 3 potions of resistance
 w - 5 potions of brilliance
 B - 6 potions of might
 E - 12 potions of curing
 F - a potion of ambrosia
 H - 2 potions of heal wounds
 L - 3 potions of attraction
 X - 4 potions of lignification
 Z - 4 potions of flight
Miscellaneous
 S - a tin of tremorstones (inert)


   Skills:
 - Level 14.8(19.8) Fighting
 - Level 16.0(21.0) Staves
 - Level 2.8(7.8) Crossbows
 - Level 12.4(17.4) Throwing
 - Level 17.1(22.1) Armour
 - Level 12.9(17.9) Dodging
 + Level 13.2 Invocations
 - Level 12.0 Evocations


You had 16 spell levels left.
You didn't know any spells.
Your spell library contained the following spells:

 Spells                   Type           Power      Damage    Failure   Level
 Foxfire                  Conj/Fire      0%         2x1d4     89%         1
 Freeze                   Ice            0%         1d3       89%         1
 Pain                     Necr           0%         1d4       89%         1
 Slow                     Hex            0%         N/A       89%         1
 Ensorcelled Hibernation  Hex/Ice        0%         N/A       96%         2
 Passwall                 Tmut/Erth      0%         N/A       96%         2
 Confusing Touch          Hex            0%         N/A       99%         3
 Conjure Flame            Conj/Fire      0%         6-21      99%         3
 Frozen Ramparts          Ice            0%         1d2       99%         3
 Inner Flame              Hex/Fire       0%         N/A       99%         3
 Ozocubu's Armour         Ice            0%         N/A       99%         3
 Spider Form              Tmut/Pois      0%         N/A       99%         3
 Swiftness                Air            0%         N/A       99%         3
 Vampiric Draining        Necr           0%         2d6       99%         3
 Anguish                  Hex/Necr       0%         N/A       100%        4
 Cause Fear               Hex            0%         N/A       100%        4
 Flame Wave               Conj/Fire      0%         2d4       100%        4
 Hailstorm                Conj/Ice       0%         3d3       100%        4
 Ice Form                 Ice/Tmut       0%         N/A       100%        4
 Leda's Liquefaction      Hex/Erth       0%         N/A       100%        4
 Olgreb's Toxic Radiance  Pois           0%         N/A       100%        4
 Iskenderun's Battlesphe  Conj           0%         2d6       100%        5
 Lee's Rapid Deconstruct  Erth           0%         3d5*      100%        5
 Iron Shot                Conj/Erth      0%         9d1       100%        6
 Statue Form              Tmut/Erth      0%         N/A       100%        6
 Ozocubu's Refrigeration  Ice            0%         4d5       100%        7
 Discord                  Hex            0%         N/A       100%        8
 Ignition                 Fire           0%         3d3       100%        8
 Animate Skeleton         Necr           Unusable   N/A       N/A         1
 Simulacrum               Ice/Necr       Unusable   N/A       N/A         6
 Spellforged Servitor     Conj/Summ      Unusable   N/A       N/A         7

Dungeon Overview and Level Annotations

Branches:
Dungeon (15/15) Temple (0/1) D:6 Lair (6/6) D:9 Swamp (1/4) Lair:4 Snake (4/4) Lair:2 Slime (0/5) Lair:5 Orc (2/2) D:9 Elf (0/3) Orc:2 Vaults (0/5) D:12 D:13 IceCv (visited) Depths: D:15

Altars:
Ashenzari
Cheibriados
Elyvilon
Gozag
Kikubaaqudgha
Makhleb
Okawaru
Qazlal
Uskayaw
Vehumet
Xom
Zin
Beogh
Jiyva

Shops:
Orc:1 [?[   Orc:2 (==!   Snake:3 !

Annotations:
D:15 Louise


Innate Abilities, Weirdness & Mutations

You have a pair of horns on your head.
You reflexively headbutt those who attack you in melee.


Message History

The naga barely misses you. The naga spits poison at you.
The splash of poison hits you but does no damage.
You resist. The naga ritualist misses you.
You feel much better.
You feel very sick.
You are more poisoned.
The nagaraja spits poison at you.
The splash of poison hits you but does no damage.
You are more poisoned.
You resist.
The naga warrior roars a battlecry!
The nagas go into a battle-frenzy!
The naga hits you but does no damage. The naga mage spits poison at you.
The splash of poison hits you but does no damage.
You resist. The naga misses you.
The naga ritualist hits you from afar with a +0 halberd.
Okay, then.
You feel extremely sick.
The naga mage points at you and mumbles some strange words.
The bolt of poison misses you.
You feel very sick.
The nagaraja is no longer moving quickly.
The naga hits you from afar with a +0 halberd!
* * * LOW HITPOINT WARNING * * *
The naga mage points at you and mumbles some strange words.
The bolt of poison hits you but does no damage.
You are more poisoned.
You resist. The nagaraja barely misses you. You furiously retaliate!
You headbutt the nagaraja! The nagaraja grabs you. The nagaraja constricts you!
* * * LOW HITPOINT WARNING * * *
There is an escape hatch in the ceiling, spattered with blood here.
The nagaraja's grasp on you weakens, but your attempt to escape fails.
* * * LOW HITPOINT WARNING * * *
You feel extremely sick. The naga closely misses you.
The nagaraja loses its grip on you.
* * * LOW HITPOINT WARNING * * *
You feel extremely sick.
The naga hits you from afar with a +0 halberd!!!
You die...

*,..'....#......[).).[..
*,,.'....#...[..').)##..
*,**#....'.....####[##..
#,*####'##§§§.## #[##.[
#.##..§§§§§N#'#####.##..
*****#.((..§§§NN§#NN......#.)
**,,,,...'...§§N§§#...........
*,,***#..#...N§§§N#†....)[.#..
*,,* #......@N§§)))#..##.....
**** *##...##§N§############..
******.........N...#*** #..
***,,,,*......N......#,,*** #..
**,,,,,,*.............#,,,,* ###
*,,,,,,,*....#.....#..#,,,,** #..
*,,,,,,,*,............#*,,,,* ###
*,,,,,,,*,..#........##,,,,,* #
,,,,,,*,,**,...⌠.N.##.,,,,,,**###


You could see a nagaraja, 2 naga warriors, a naga sharpshooter, a naga mage
(strong, catching breath) and 2 nagas.

Vanquished Creatures
  Saint Roka (Orc:2)
  Jorgrun (D:15)
  Agnes (Snake:3)
  Gastronok (D:9)
  6 nagarajas (Snake:4)
  A reaper (IceCv)
  4 entropy weavers (Lair:5)
  Snorg (Orc:2)
  Josephine (D:11)
  9 hydras
  Erolcha (D:9)
  3 ogre magi
  3 catoblepae (Lair:6)
  5 anacondas
  5 centaur warriors
  3 ghost crabs (Lair:5)
  8 two-headed ogres
  7 boulder beetles
  12 naga warriors
  6 death yaks (Lair:6)
  3 tengu warriors
  Sonja (Lair:4)
  4 fire crabs (Lair:5)
  13 shock serpents
  12 naga sharpshooters
  Nergalle (Orc:2)
  11 skeletal warriors
  Amaemon (D:9)
  8 naga ritualists
  4 salamander mystics
  A bog body (Lair:4)
  Pikel (D:6)
  An orc knight (D:12)
  A deep elf pyromancer (D:13)
  8 orc sorcerers (Orc:2)
  5 mana vipers
  A wolf spider (Lair:6)
  5 cyclopes
  6 manticores
  21 ugly things
  7 salamanders
  3 guardian serpents
  2 ice statues (IceCv)
  2 guardian serpents (shapeshifter)
  36 black mambas
  19 naga magi
  17 cane toads
  An orange demon (D:9)
  An apocalypse crab (Lair:5)
  A torpor snail (Lair:2)
  2 gargoyles
  Maggie (D:7)
  2 anaconda simulacra (IceCv)
  2 kobold demonologists
  5 komodo dragons
  2 unseen horrors
  2 efreet (D:14)
  2 demonic crawlers (D:14)
  7 rime drakes
  An entropy weaver simulacrum (IceCv)
  3 freezing wraiths
  6 ice devils (IceCv)
  2 burning bushes (Lair:3)
  4 trolls
  4 polar bears
  7 blink frogs
  2 hornets
  3 slime creatures (D:13)
  9 dream sheep
  80 yaks
  16 humans (D:12)
  5 wraiths
  4 wyverns
  3 basilisks
  4 steam dragons
  A death yak simulacrum (IceCv)
  11 vampire mosquitoes (D:14)
  Menkaure (D:7)
  40 nagas
  18 water moccasins
  4 acid dragons
  A swamp drake (Lair:4)
  A sky beast (D:7)
  5 black bears
  3 boggarts (D:12)
  20 orc warriors
  8 centaurs
  13 ogres
  20 wolves
  A phantom (D:5)
  5 kobold brigands
  18 bullfrogs
  A necrophage (D:6)
  2 two-headed ogre simulacra (IceCv)
  5 gnoll sergeants
  A scorpion (shapeshifter) (D:15)
  2 scorpions
  5 wights (D:9)
  An elephant simulacrum (IceCv)
  10 killer bees
  2 howler monkeys
  An electric eel (D:6)
  A crimson imp (D:9)
  3 jellies
  4 hounds
  A gnoll shaman (Lair:5)
  12 orc priests
  Terence (D:2)
  2 iguanas
  31 orc wizards
  A spriggan simulacrum (IceCv)
  A wolf simulacrum (IceCv)
  2 troll simulacra (IceCv)
  2 polar bear simulacra (IceCv)
  14 gnolls
  2 naga simulacra (IceCv)
  7 adders
  5 white imps
  2 ufetubi (IceCv)
  2 worms (D:3)
  A dart slug (D:1)
  65 orcs
  7 ball pythons
  4 bats
  11 endoplasms
  4 giant cockroaches
  8 goblins
  6 hobgoblins
  2 quokkas
  4 frilled lizards
  15 kobolds
  3 rats
877 creatures vanquished.

Vanquished Creatures (others)
  An ufetubus (IceCv)
  An orc (D:11)
  28 fungi
  46 plants
76 creatures vanquished.

Grand Total: 953 creatures vanquished

Notes
Turn   | Place    | Note
-------+----------+-------------------------------------------
     0 | D:1      | dolemite99 the Minotaur Gladiator began the quest for the
                  | Orb.
     0 | D:1      | Reached XP level 1. HP: 18/18 MP: 0/0
   322 | D:1      | Reached XP level 2. HP: 25/25 MP: 1/1
   763 | D:1      | Reached skill level 5 in Staves
   857 | D:1      | Reached XP level 3. HP: 30/30 MP: 2/2
  1193 | D:2      | Noticed Terence
  1202 | D:2      | Killed Terence
  1716 | D:2      | Reached XP level 4. HP: 37/37 MP: 3/3
  3025 | D:4      | Reached XP level 5. HP: 41/42 MP: 4/4
  3095 | D:4      | Noticed an ogre
  3101 | D:4      | Killed an ogre
  3552 | D:4      | Reached skill level 1 in Crossbows
  3552 | D:4      | Reached XP level 6. HP: 49/50 MP: 5/5
  3976 | D:5      | Entered Level 5 of the Dungeon
  4021 | D:5      | You fall into a shaft and drop 2 floors!
  4099 | D:7      | Found a glowing silver altar of Zin.
  4145 | D:5      | Reached XP level 7. HP: 42/57 MP: 6/6
  4521 | D:5      | Found a snail-covered altar of Cheibriados.
  4637 | D:5      | Found an iron altar of Okawaru.
  4645 | D:5      | Became a worshipper of Warmaster Okawaru
  4958 | D:5      | Identified the +4 dagger "Modwaul" {venom, rPois rC+ Str+7}
  4980 | D:5      | Identified 4 scrolls of acquirement
  4980 | D:5      | Acquired the ring of Zosa {rC+ Int+3 Dex+4 SInv}
  4983 | D:5      | Acquired a manual of Staves
  4985 | D:5      | Acquired the +4 lajatang of Tecvihui {freeze, rC+ Will-
                  | Dex+2}
  4987 | D:5      | Acquired the +9 plate armour of Crawling {rElec}
  5314 | D:6      | Found an opulent altar of Gozag.
  5325 | D:6      | Noticed Pikel
  5333 | D:6      | Reached skill level 1 in Armour
  5335 | D:6      | Reached skill level 10 in Staves
  5335 | D:6      | Reached skill level 2 in Armour
  5366 | D:6      | Killed Pikel
  5366 | D:6      | Reached * piety under Okawaru
  5366 | D:6      | Reached ** piety under Okawaru
  5367 | D:6      | Reached skill level 4 in Armour
  5367 | D:6      | Reached XP level 8. HP: 58/63 MP: 7/7
  5416 | D:6      | Reached skill level 5 in Armour
  5424 | D:6      | Found a staircase to the Ecumenical Temple.
  5958 | D:6      | Found a white marble altar of Elyvilon.
  6069 | D:6      | Reached skill level 6 in Armour
  6163 | D:6      | Found a hide-covered altar of Uskayaw.
  6567 | D:7      | Reached XP level 9. HP: 70/70 MP: 8/8
  6710 | D:7      | Noticed Menkaure
  6722 | D:7      | Killed Menkaure
  6723 | D:7      | Reached skill level 7 in Armour
  6744 | D:7      | Noticed Maggie
  6751 | D:7      | Killed Maggie
  6751 | D:7      | Reached *** piety under Okawaru
  6810 | D:7      | Reached skill level 8 in Armour
  6818 | D:7      | Reached skill level 15 in Staves
  7116 | D:8      | Found an ancient bone altar of Kikubaaqudgha.
  7236 | D:8      | Reached skill level 9 in Armour
  7237 | D:8      | Reached **** piety under Okawaru
  7615 | D:8      | Noticed a two-headed ogre
  7625 | D:8      | Killed a two-headed ogre
  7626 | D:8      | Reached skill level 10 in Armour
  7626 | D:8      | Reached XP level 10. HP: 63/77 MP: 9/9
  7988 | D:9      | Reached skill level 5 in Fighting
  8013 | D:9      | Noticed Erolcha
  8019 | D:9      | Killed Erolcha
  8029 | D:9      | Found a staircase to the Orcish Mines.
  8038 | D:9      | Reached ***** piety under Okawaru
  8575 | D:9      | Noticed Amaemon
  8575 | D:9      | Noticed an orange demon
  8583 | D:9      | Noticed a two-headed ogre
  8586 | D:9      | Killed Amaemon
  8591 | D:9      | Killed an orange demon
  8596 | D:9      | Killed a two-headed ogre
  8597 | D:9      | Reached skill level 5 in Invocations
  8597 | D:9      | Reached XP level 11. HP: 50/97 MP: 13/13
  9284 | D:9      | Found a stormy altar of Qazlal.
  9292 | D:9      | Noticed Gastronok
  9305 | D:9      | Killed Gastronok
  9428 | D:9      | Found a shimmering altar of Xom.
  9428 | D:9      | Found a burning altar of Makhleb.
  9549 | D:9      | Found a staircase to the Lair.
  9555 | D:9      | Received a gift from Okawaru
  9561 | D:9      | Identified the +4 chain mail of the Vestibule of Hell
                  | {SInv}
  9902 | D:9      | Found a broken altar of Ashenzari.
  9978 | Lair:1   | Entered Level 1 of the Lair of Beasts
 10095 | Lair:1   | Noticed a six-headed hydra
 10108 | Lair:1   | Killed a six-headed hydra
 10108 | Lair:1   | Received a gift from Okawaru
 10798 | Lair:1   | Reached skill level 5 in Dodging
 11325 | Lair:1   | Received a gift from Okawaru
 11605 | Lair:2   | Reached ****** piety under Okawaru
 11606 | Lair:2   | Reached XP level 12. HP: 104/104 MP: 18/18
 11678 | Lair:2   | Noticed a seven-headed hydra
 11700 | Lair:1   | Killed a seven-headed hydra
 11986 | Lair:1   | Received a gift from Okawaru
 12091 | Lair:2   | Reached skill level 5 in Throwing
 12183 | Lair:2   | Found a staircase to the Snake Pit.
 12547 | Lair:2   | Identified the +8 arbalest "Iriutooc" {elec, rN++} (Okawaru
                  | gifted it to you on level 2 of the Lair of Beasts)
 12547 | Lair:2   | Received a gift from Okawaru
 12884 | Lair:3   | Noticed a boulder beetle
 12918 | Lair:2   | Killed a boulder beetle
 13237 | Lair:3   | Reached skill level 11 in Armour
 13287 | Lair:3   | Received a gift from Okawaru
 13701 | Lair:3   | Identified the +6 mace of Isur {venom, rC+ Will+ Int-3
                  | Dex+4}
 13759 | Lair:4   | You fall into a shaft and drop 2 floors!
 13759 | Lair:6   | Entered Level 6 of the Lair of Beasts
 13764 | Lair:5   | Found a viscous altar of Jiyva.
 13764 | Lair:5   | Found a staircase to the Slime Pits.
 13877 | Lair:6   | Noticed a seven-headed hydra
 13900 | Lair:5   | Received a gift from Okawaru
 13918 | Lair:5   | Reached XP level 13. HP: 108/111 MP: 19/19
 14013 | Lair:5   | Received a gift from Okawaru
 14157 | Lair:5   | Reached skill level 12 in Armour
 14368 | Lair:5   | Received a gift from Okawaru
 14555 | Lair:5   | Found a runed translucent door.
 14926 | Lair:4   | Found a staircase to the Swamp.
 15057 | Lair:4   | Noticed Sonja
 15079 | Lair:4   | Received a gift from Okawaru
 15082 | Lair:4   | Killed Sonja
 15083 | Lair:4   | Reached skill level 10 in Throwing
 15083 | Lair:4   | Reached skill level 13 in Armour
 15091 | Lair:4   | Received a gift from Okawaru
 15321 | Lair:4   | Identified the +4 scale mail of the Albatross {Rampage
                  | *Corrode Will+++ Int+3} (Okawaru gifted it to you on level
                  | 4 of the Lair of Beasts)
 15321 | Lair:4   | Received a gift from Okawaru
 16221 | Lair:6   | Reached skill level 14 in Armour
 16654 | Lair:6   | Reached XP level 14. HP: 108/118 MP: 20/20
 16894 | Lair:6   | Received a gift from Okawaru
 17190 | Lair:6   | Reached skill level 15 in Armour
 17446 | Lair:6   | Identified the ring "Beunurr" {Str+6 Dex+3}
 18103 | Orc:1    | Entered Level 1 of the Orcish Mines
 18103 | Orc:1    | Found Modiciv's Antique Armour Emporium.
 18123 | Orc:1    | Found a frozen archway.
 18144 | Orc:1    | Reached skill level 1 in Evocations
 18183 | IceCv    | Entered an ice cave
 18320 | IceCv    | Identified the +2 pair of gloves of Indecent Exposure {rN+}
                  | (Okawaru gifted it to you in an ice cave)
 18320 | IceCv    | Received a gift from Okawaru
 19152 | IceCv    | Noticed a reaper
 19170 | IceCv    | Killed a reaper
 19178 | IceCv    | Found the +2 Maxwell's thermic engine {flame, freeze}
 19182 | IceCv    | Identified the +1 leather armour of Birdsong {rPois rC+++
                  | Slay+5}
 19499 | Orc:1    | Found Qesaos's Antique Armour Boutique.
 19570 | Orc:1    | Found Xamit's Magic Scroll Emporium.
 19781 | Orc:2    | Entered Level 2 of the Orcish Mines
 20023 | Orc:2    | Reached skill level 5 in Evocations
 20080 | Orc:2    | Noticed Saint Roka
 20141 | Orc:2    | Killed Saint Roka
 20387 | Orc:2    | Noticed Snorg
 20395 | Orc:2    | Killed Snorg
 20501 | Orc:2    | Found a staircase to the Elven Halls.
 20747 | Orc:2    | Found Vegut's Jewellery Shop.
 20763 | Orc:2    | Found Gumoskux's Distillery.
 20765 | Orc:2    | Paralysed by an orc sorcerer for 4 turns
 20837 | Orc:2    | Found an ancient bone altar of Kikubaaqudgha.
 20837 | Orc:2    | Noticed Nergalle
 20862 | Orc:2    | Killed Nergalle
 20872 | Orc:2    | Found Maugree's Jewellery Shop.
 20939 | Orc:2    | Found a radiant altar of Vehumet.
 20962 | Orc:2    | Found Huitushru's Antique Weapon Shop.
 21163 | Orc:1    | Bought a scroll of blinking for 97 gold pieces
 21163 | Orc:1    | Bought a scroll of fog for 26 gold pieces
 21163 | Orc:1    | Bought a scroll of fog for 26 gold pieces
 21186 | Orc:1    | Bought a scroll of poison for 45 gold pieces
 21620 | Orc:1    | Bought a spiked plate armour for 616 gold pieces
 21620 | Orc:1    | Identified the +1 plate armour of Grace {rPois rF+ SInv}
                  | (You bought it in a shop on level 1 of the Orcish Mines)
 21642 | Orc:1    | Bought a jewelled chain mail for 209 gold pieces
 21642 | Orc:1    | Identified the +3 chain mail "Ytsa" {rC+ Str+7} (You bought
                  | it in a shop on level 1 of the Orcish Mines)
 21744 | Orc:2    | Bought a ring of protection from fire for 250 gold pieces
 21746 | Orc:2    | Bought a ring of willpower for 250 gold pieces
 21840 | Orc:2    | Bought a potion of resistance for 170 gold pieces
 21840 | Orc:2    | Bought a potion of curing for 51 gold pieces
 21840 | Orc:2    | Bought a potion of curing for 51 gold pieces
 21914 | D:10     | Entered Level 10 of the Dungeon
 22015 | Swamp:1  | Entered Level 1 of the Swamp
 22141 | Lair:5   | Reached skill level 10 in Dodging
 22743 | Lair:5   | Received a gift from Okawaru
 22956 | Lair:5   | Reached XP level 15. HP: 122/124 MP: 11/21
 24365 | D:11     | Noticed Josephine
 24372 | D:11     | Killed Josephine
 24372 | D:11     | Identified the +2 robe "Boblioxt" {rC+ Int+2} (Okawaru
                  | gifted it to you on level 11 of the Dungeon)
 24372 | D:11     | Received a gift from Okawaru
 25368 | D:12     | Identified the +6 quarterstaff "Sehetrut" {speed, +Blink
                  | Will- rCorr Dex+3}
 26225 | D:13     | Found a gate to the Vaults.
 26748 | D:13     | Reached skill level 10 in Evocations
 27724 | D:13     | Received a gift from Okawaru
 28726 | D:14     | Received a gift from Okawaru
 29161 | D:14     | Reached skill level 16 in Armour
 29263 | D:14     | Received a gift from Okawaru
 29891 | D:14     | Reached XP level 16. HP: 127/132 MP: 22/22
 29967 | D:15     | Entered Level 15 of the Dungeon
 29979 | D:15     | Received a gift from Okawaru
 30408 | D:15     | Noticed Jorgrun
 30419 | D:15     | Noticed Louise
 30424 | D:15     | Killed Jorgrun
 30832 | Snake:1  | Entered Level 1 of the Snake Pit
 30858 | Snake:1  | Received a gift from Okawaru
 30859 | Snake:1  | Reached skill level 17 in Armour
 31613 | Snake:1  | Reached skill level 10 in Fighting
 31861 | Snake:1  | Received a gift from Okawaru
 34362 | Snake:3  | Noticed Agnes
 34657 | Snake:3  | Received a gift from Okawaru
 34940 | Snake:3  | Received a gift from Okawaru
 35755 | Snake:3  | Killed Agnes
 36428 | Snake:2  | Acquired a +1 spectral lajatang
 36539 | Snake:3  | Received a gift from Okawaru
 37052 | Snake:3  | Reached XP level 17. HP: 124/154 MP: 18/23
 37172 | Snake:3  | Found Reclote's Distillery.
 37175 | Snake:3  | Bought a potion of heal wounds for 85 gold pieces
 37175 | Snake:3  | Bought a potion of heal wounds for 85 gold pieces
 37175 | Snake:3  | Bought a potion of heal wounds for 85 gold pieces
 37175 | Snake:3  | Bought a potion of heal wounds for 85 gold pieces
 37175 | Snake:3  | Bought a potion of curing for 51 gold pieces
 37880 | Snake:3  | Reached skill level 10 in Invocations
 38409 | Snake:4  | Entered Level 4 of the Snake Pit
 39915 | Snake:4  | Received a gift from Okawaru
 40830 | Snake:4  | Received a gift from Okawaru
 41503 | Snake:4  | Identified the +3 arbalest "Qohuqoeg" {elec, +Blink rC++
                  | rCorr}
 41527 | Snake:4  | Received a gift from Okawaru
 41813 | Snake:4  | Mangled by a naga

Illustrated notes

Levels and vault maps discovered:
D:1:      lemuel_arrival_funnel, layout_basic
D:2:      layout_loops_cross, uniq_terence
D:3:      layout_loops_ring
D:4:      layout_cave_pools, chequers_jeans
D:5:      layout_loops_ring, old_standard_altar,
          mainiacjoe_overflow_six_doors_small, amcnicky_mini_pool_small
D:6:      layout_rooms, amcnicky_altar_gilded, mainiacjoe_overflow_brackets,
          mainiacjoe_overflow_alcove_4, minmay_temple_entry_tees,
          serial_bayou_lagoon_b, uniq_pikel
D:7:      layout_basic, mainiacjoe_overflow_chevrons, uniq_menkaure, uniq_maggie
D:8:      layout_basic, kiku_gazebo_pond_becter
D:9:      layout_loops_cross, grunt_temple_overflow_champion_of_chaos,
          nicolae_qazlal_general_emergency, kennysheep_mini,
          grunt_lair_entry_orc_guard_hut,
          kennysheep_orc_monster_closet_entryway, uniq_gastronok, uniq_amaemon,
          uniq_erolcha
D:10:     layout_long_grid, kennysheep_donut, st_stairs_8
D:11:     layout_loops_ring, uniq_josephine
D:12:     layout_loops_cross
D:13:     layout_gridville, david_vaults_3, serial_glass, glass_columns_a,
          glass_columns_b, glass_columns_b
D:14:     layout_grid_maze, skrybe_limestone_x, einodemon_crawler_minivault
D:15:     grunt_enter_depths_hoard, layout_loops_cross,
          hangedman_decor_slide_cut, st_stairs_5, uniq_louise, uniq_jorgrun
Lair:1:   layout_chaotic_city, grunt_megastairs_1
Lair:2:   layout_loops_ring, minmay_snake_entry_guardpost_medium,
          lemuel_fruit_fields, infiniplex_staircase_pool
Lair:3:   layout_cave_shapes, evilmike_ambush [evilmike_ambush_outer_corners,
          evilmike_ambush_inner_pond]
Lair:4:   layout_misc_corridors, skrybe_swamp_entry_bodies,
          guppyfry_lair_drakes, uniq_sonja
Lair:5:   gammafunk_mikee_crab_dinner, layout_regular_city, slime_altar_1,
          small_statue_intersection, dreamdust_gnoll_shepherd,
          grunt_megastairs_2
Lair:6:   evilmike_catoblepas_cave, layout_hall_layers
Swamp:1:  layout_falls_marsh, nicolae_swamp_feature_on_the_river_bank,
          nzn_swamp_blast_mining, uniq_frances
Snake:1:  layout_cave_shapes, st_stairs_13
Snake:2:  layout_gridlike
Snake:3:  layout_layer_cave, minmay_shop_star, uniq_agnes
Snake:4:  snake_pit, layout_gridlike
Orc:1:    layout_caves, nicolae_volcano_entry_vermiform, serial_shops, shop,
          nicolae_shop_hallway_plus, nicolae_shop_overgrown_old_shop,
          nicolae_diamond_shop, portal_ice_cave_entry_pillars_1, uniq_urug
Orc:2:    kennysheep_orc_mage_school, layout_caves, gauntlet_entry_generic,
          uniq_snorg, uniq_saint_roka

Skill      XL: |  1  2  3  4  5  6  7  8  9 10 11 12 13 14 15 16 17 |
---------------+----------------------------------------------------+-----
Staves         | 4 5 6 7 8 11 13 16 | 16.0
Crossbows      | 1 2 |  2.8
Throwing       | 3 4 8 11 12 | 12.4
Fighting       | 3 9 14 | 14.8
Armour         | 4 6 10 11 14 15 16 17 | 17.1
Invocations    | 5 9 13 | 13.2
Dodging        | 7 9 10 12 | 12.9
Evocations     | 8 11 12 | 12.0

Action                   |  1- 3 |  4- 6 |  7- 9 | 10-12 | 13-15 | 16-18 || total
-------------------------+-------+-------+-------+-------+-------+-------++-------
Melee: Quarterstaff      |    62 |    91 |    11 |    16 |    18 |       ||   198
       Headbutt          |     9 |    14 |    26 |    91 |   332 |   124 ||   596
       Lajatang          |       |       |   129 |   413 |  1151 |   497 ||  2190
 Fire: Hand crossbow     |       |    50 |     2 |       |       |       ||    52
Throw: Javelin           |       |       |       |    58 |   114 |   111 ||   283
       Boomerang         |       |       |       |     9 |    65 |   252 ||   326
       Dart              |       |       |       |     3 |    19 |     3 ||    25
       Throwing net      |       |       |       |     3 |       |       ||     3
Invok: Heroism           |       |       |       |    20 |    37 |    66 ||   123
       Finesse           |       |       |       |     1 |    11 |     6 ||    18
Evoke: Wand              |       |       |       |     5 |    70 |    14 ||    89
       Tin of tremorston |       |       |       |       |       |     4 ||     4
  Use: Scroll            |       |     1 |    19 |     4 |    18 |    10 ||    52
       Potion            |       |       |       |     1 |     6 |    20 ||    27
 Stab: Invisible         |       |       |       |       |     1 |       ||     1
       Paralysed         |       |       |       |       |       |     1 ||     1
       Distracted        |       |       |       |       |       |     3 ||     3
Armor: Leather armour    |     6 |       |       |       |       |       ||     6
       Scale mail        |     8 |    62 |     5 |       |       |       ||    75
       Plate armour      |       |       |    80 |   329 |   820 |   314 ||  1543
Dodge: Dodged            |    40 |    69 |    37 |   215 |   870 |   434 ||  1665

Table legend: (Time is in decaauts)
 A = Elapsed time spent in this place.
 B = Non-inter-level travel time spent in this place.
 C = Inter-level travel time spent in this place.
 D = Time resting spent in this place.
 E = Time spent auto-exploring this place.
 F = Levels seen in this place.
 G = Mean time per level.
                   A        B        C        D        E       F      G
               +--------+--------+--------+--------+--------+-----+--------+
         Total |  41000 |  38559 |   2441 |  12392 |  19461 |  29 | 1413.8 |
       Dungeon |  17089 |  16308 |    781 |   4173 |   9445 |  15 | 1139.3 |
          Lair |   9624 |   8585 |   1039 |   2281 |   4627 |   6 | 1604.0 |
         Swamp |      1 |      1 |      0 |      0 |      0 |   1 |    1.0 |
     Snake Pit |  10752 |  10566 |    186 |   5081 |   4035 |   4 | 2688.0 |
  Orcish Mines |   2254 |   1820 |    434 |    280 |    971 |   2 | 1127.0 |
      Ice Cave |   1278 |   1278 |      0 |    576 |    383 |   1 | 1278.0 |
               +--------+--------+--------+--------+--------+-----+--------+

Top non-repeatable levels by time:
 Snake:3: 4038 daAuts
 Snake:2: 2924 daAuts
  Lair:5: 2562 daAuts
     D:9: 2312 daAuts
    D:12: 2122 daAuts
  Lair:6: 2023 daAuts
  Lair:1: 2000 daAuts
 Snake:4: 1899 daAuts
 Snake:1: 1890 daAuts
   Orc:2: 1664 daAuts
    D:14: 1554 daAuts
  Lair:2: 1312 daAuts
   IceCv: 1278 daAuts
     D:3: 1232 daAuts
     D:5: 1203 daAuts
